 Dungeon Crawl Stone Soup version 0.17-a0-1738-g82cdc46 (webtiles) character file.

16675 Raurakos the Severer (level 12, 0/117 HPs)
             Began as a Hill Orc Gladiator on Aug 29, 2015.
             Was a High Priest of Okawaru.
             Shot with a bolt by an orc warrior (13 damage)
             ... on level 4 of the Orcish Mines on Aug 30, 2015.
             The game lasted 01:29:39 (22867 turns).

Raurakos the Severer (Hill Orc Gladiator)          Turns: 22867, Time: 01:29:39

Health: 0/117      AC: 17    Str: 19    XL:     12   Next: 40%
Magic:  15/15      EV:  9    Int:  8    God:    Okawaru [*****.]
Gold:   1794       SH:  0    Dex: 15    Spells: 0 memorised, 11 levels left

rFire  . . .     SeeInvis +     a - +0 battleaxe
rCold  + . .     Clarity  .     P - +2 chain mail {rPois}
rNeg   . . .     SustAt   .     (no shield)
rPois  +         Gourm    +     c - +0 helmet
rElec  .         Spirit   .     i - +0 cloak
rCorr  .         Warding  .     S - +0 pair of gloves
rMut   .         Stasis   .     (no boots)
MR     .....                    q - amulet of the gourmand
Stlth  ..........               R - ring of protection from cold
                                U - ring of see invisible

@: not resistant to hostile enchantments, extremely unstealthy
A: no striking features
a: Heroism, Finesse, Renounce Religion


You were on level 4 of the Orcish Mines.
You worshipped Okawaru.
Okawaru was extremely pleased with you.
You were full.

You visited 4 branches of the dungeon, and saw 18 of its levels.

You collected 1794 gold pieces.

Inventory:

Hand weapons
 a - a +0 battleaxe (weapon)
 b - a +0 broad axe
Missiles
 e - 3 throwing nets
 u - 4 javelins (quivered)
Armour
 c - a +0 helmet (worn)
 i - a +0 cloak (worn)
 P - a +2 chain mail of poison resistance (worn)
 S - a +0 pair of gloves (worn)
 W - the +1 scale mail "Xuheck" {+Blink}
   (You found it on level 10 of the Dungeon)

   It lets you blink.
Jewellery
 j - an uncursed amulet of faith
 q - an amulet of the gourmand (around neck)
 F - an uncursed ring of poison resistance
 R - a ring of protection from cold (right hand)
 U - a ring of see invisible (left hand)
Magical devices
 k - a wand of digging (14)
 y - a wand of magic darts (23)
 A - a wand of digging (11)
 D - a wand of slowing (0)
 L - a wand of slowing (15)
 Q - a wand of confusion (20)
 V - a wand of frost (23)
 Y - a wand of hasting (2)
Scrolls
 g - 2 scrolls of blinking {unknown}
 h - a scroll of holy word {unknown}
 o - 2 scrolls of random uselessness {unknown}
 v - 2 scrolls of magic mapping
 x - 2 scrolls of fog
 I - 2 scrolls of remove curse
Potions
 f - a potion of haste
 l - 2 potions of agility
 n - a potion of berserk rage {unknown}
 s - a potion of beneficial mutation {unknown}
 t - 6 potions of curing
 z - 2 potions of cancellation {unknown}
 B - a potion of poison {unknown}
 C - 2 potions of lignification {unknown}
 E - a potion of flight {unknown}
 J - a potion of degeneration {unknown}
 T - a potion of might {unknown}
 X - a potion of resistance {unknown}
 Z - 2 potions of cure mutation {unknown}
Books
 K - a book of Air

   Spells                             Type                      Level
   a - Shock                          Conjuration/Air              1
   b - Swiftness                      Charms/Air                   2
   c - Repel Missiles                 Charms/Air                   2
   d - Static Discharge               Conjuration/Air              3
   e - Lightning Bolt                 Conjuration/Air              5
Comestibles
 d - 9 bread rations
 m - 2 beef jerkies
 r - 18 fruits
 H - 3 meat rations


   Skills:
 - Level 14.0 Fighting
 + Level 16.3 Axes
 - Level 2.0 Throwing
 - Level 9.0 Armour
 - Level 2.4 Dodging
 - Level 5.0 Invocations
 - Level 1.1 Evocations


You had 11 spell levels left.
You didn't know any spells.

Dungeon Overview and Level Annotations

Branches:
Dungeon (12/15)            Temple (1/1) D:4            Lair (1/8) D:8
    Orc (4/4) D:12            Elf (0/3) Orc:3

Altars:
Ashenzari
Cheibriados
Dithmenos
Elyvilon
Fedhas
Gozag
Makhleb
Nemelex Xobeh
Okawaru
Qazlal
Ru
Sif Muna
Trog
Vehumet
Xom
Yredelemnul
Zin
The Shining One

Shops:
Orc:4 %

Annotations:
D:8 Maurice
D:10 Snorg


Message History

You closely miss the orc warrior.
The orc warrior is moderately wounded.
The orc warrior hits you with an uncursed enchanted broad axe.
An orc warrior comes into view. It is wielding a dire flail.
The orc warrior shouts!
The orc warrior unwields an uncursed enchanted broad axe.
The orc warrior wields an uncursed arbalest.
The orc warrior shoots a bolt.
The bolt misses you.
The orc warrior shoots a bolt.
The bolt hits you!!
* * * LOW HITPOINT WARNING * * *
You see here a bolt.
Drink which item? (? for menu, Esc to quit)
Okay, then.
Read which item? (? for menu, Esc to quit)
As you read the scroll labeled HUDIT ZINTON GEO, it crumbles to dust.
The scroll dissolves into smoke.
It was a scroll of fog.
The orc warrior hits you with a dire flail.
* * * LOW HITPOINT WARNING * * *
The orc warrior shoots a bolt.
The bolt hits you!
You die...

#≈≈≈≈......#............# #.##
#≈≈≈≈.....................## ...#
≈≈≈......... #((.$.........#.....
≈≈..........##)($..........#....#
...##..##..##o)........#.........
............(..#................#
..........)).(..§§(...)).).......
..........(..()§§§...........##..
............)(.§@§§............#.
....#.......))(§o§....[..........
.......(......(§§................
))..#........((<..(.((<..........
..))##.........()(..............#
..)).(...........(.....∩.........
...).(.........((.(.(........#...
.(.(.........#.#.(.(.........#...
..(.................(............


You could see 2 orc warriors.

Vanquished Creatures
  Erica (D:8)
  A wolf spider zombie (D:12)
  A hill giant (D:11)
  An orc sorcerer (Orc:3)
  Joseph (D:10)
  A gargoyle (D:11)
  3 trolls
  Prince Ribbit (D:7)
  A deep elf fighter (D:8)
  A deep elf mage (D:9)
  A spriggan (D:7)
  2 wyverns
  8 yaks (D:11)
  2 hungry ghosts
  2 wolves (D:8)
  4 hippogriffs
  A warg (Orc:3)
  Duvessa (D:7)
  16 centaurs
  5 ice beasts
  3 phantoms
  4 sky beasts
  23 orc warriors
  2 black bears
  A necrophage (D:6)
  5 ogres
  A big kobold (D:7)
  A gnoll sergeant (D:10)
  2 scorpions
  12 giant frogs
  Dowan (D:7)
  2 electric eels (D:8)
  8 killer bees
  11 wights
  A jelly (D:7)
  5 crimson imps
  A giant frog zombie (D:7)
  7 hounds
  26 orc priests
  Crazy Yiuf (D:7)
  6 iguanas
  A giant frog skeleton (D:6)
  27 orc wizards
  3 gnoll shamans
  10 worker ants
  2 hound skeletons (D:6)
  22 gnolls
  20 adders
  2 shadow imps (D:7)
  An ooze (D:1)
  An adder skeleton (D:9)
  4 worms (D:2)
  2 giant geckos
  155 orcs
  4 ball pythons
  A bat zombie (D:3)
  5 giant cockroaches
  9 hobgoblins
  11 jackals
  10 kobolds
  5 quokkas
  6 bats
  2 giant gecko skeletons
  9 giant newts
  12 goblins
  A jackal skeleton (D:6)
  A jackal zombie (D:8)
  3 rats
506 creatures vanquished.

Vanquished Creatures (others)
  5 fungi (D:7)
5 creatures vanquished.

Grand Total: 511 creatures vanquished

Notes
Turn   | Place    | Note
--------------------------------------------------------------
     0 | D:1      | Raurakos the Hill Orc Gladiator began the quest for the Orb.
     0 | D:1      | Reached XP level 1. HP: 18/18 MP: 1/1
   228 | D:1      | Reached XP level 2. HP: 15/25 MP: 2/2
   351 | D:1      | Reached skill level 5 in Axes
   544 | D:1      | Reached XP level 3. HP: 30/30 MP: 3/3
   804 | D:1      | Upgraded the game from 0.17-a0-1731-g129c023 to 0.17-a0-1738-g82cdc46
  1259 | D:1      | Reached skill level 6 in Axes
  1461 | D:2      | Reached XP level 4. HP: 32/37 MP: 4/4
  2131 | D:2      | Reached skill level 7 in Axes
  2350 | D:2      | Reached XP level 5. HP: 36/42 MP: 5/5
  3212 | D:3      | Reached skill level 8 in Axes
  3536 | D:3      | Reached XP level 6. HP: 40/50 MP: 6/6
  3818 | D:3      | Found a glowing golden altar of the Shining One.
  3818 | D:3      | Found a white marble altar of Elyvilon.
  3819 | D:3      | Found a glowing silver altar of Zin.
  3943 | D:3      | Found a faded altar to an unknown god.
  4086 | D:4      | Found a white marble altar of Elyvilon.
  4098 | D:4      | Found a staircase to the Ecumenical Temple.
  4114 | Temple   | Entered the Ecumenical Temple
  4215 | D:4      | Reached skill level 9 in Axes
  4318 | D:4      | Found a blossoming altar of Fedhas.
  4831 | D:4      | Reached skill level 10 in Axes
  4831 | D:4      | Reached XP level 7. HP: 48/57 MP: 7/7
  5158 | D:5      | Entered Level 5 of the Dungeon
  5313 | D:5      | Reached skill level 1 in Armour
  6425 | D:6      | Found an opulent altar of Gozag.
  6438 | D:6      | Reached skill level 5 in Fighting
  6448 | D:6      | Found a deep blue altar of Sif Muna.
  6449 | D:6      | Found a shattered altar of Ashenzari.
  6489 | D:6      | Found a shimmering altar of Xom.
  6498 | D:6      | Got a pair of bloodstained boots
  6504 | D:6      | Identified the -4 pair of boots of Taotenebe {Int+2} (You found it on level 6 of the Dungeon)
  6551 | D:6      | Reached XP level 8. HP: 68/68 MP: 8/8
  6922 | D:6      | Found a blossoming altar of Fedhas.
  6922 | D:6      | Found an iron altar of Okawaru.
  6931 | D:6      | Became a worshipper of Warmaster Okawaru
  7212 | D:6      | Reached skill level 5 in Armour
  8496 | D:6      | Found a sparkling altar of Nemelex Xobeh.
  8497 | D:6      | Found a sacrificial altar of Ru.
  8512 | D:6      | Reached skill level 11 in Axes
  9092 | D:7      | Noticed Duvessa
  9129 | D:7      | Noticed Prince Ribbit
  9140 | D:7      | Killed Prince Ribbit
  9140 | D:7      | Acquired Okawaru's first power
  9140 | D:7      | Reached skill level 12 in Axes
  9140 | D:7      | Reached XP level 9. HP: 48/74 MP: 9/9
  9448 | D:6      | Reached skill level 13 in Axes
  9933 | D:7      | Noticed Dowan
  9947 | D:7      | Killed Dowan
  9958 | D:7      | Killed Duvessa
  9983 | D:7      | Reached skill level 14 in Axes
 10235 | D:7      | Noticed Crazy Yiuf
 10242 | D:7      | Killed Crazy Yiuf
 10393 | D:7      | Reached skill level 15 in Axes
 10812 | D:8      | Reached XP level 10. HP: 63/81 MP: 10/10
 10855 | D:8      | Reached skill level 16 in Axes
 11107 | D:8      | Reached skill level 1 in Invocations
 11857 | D:8      | Found a staircase to the Lair.
 11978 | D:8      | Noticed Erica
 11995 | D:8      | Killed Erica
 12324 | D:8      | Noticed Maurice
 13004 | Lair:1   | Entered Level 1 of the Lair of Beasts
 13004 | Lair:1   | Noticed an elephant
 13004 | Lair:1   | Noticed an elephant
 13004 | Lair:1   | Noticed an elephant
 13037 | D:9      | Reached skill level 10 in Fighting
 13046 | D:9      | Reached skill level 1 in Evocations
 13268 | D:9      | Reached XP level 11. HP: 80/99 MP: 12/12
 13745 | D:9      | Found a radiant altar of Vehumet.
 13746 | D:9      | Found a snail-covered altar of Cheibriados.
 13858 | D:10     | Entered Level 10 of the Dungeon
 14512 | D:10     | Noticed Snorg
 14850 | D:10     | Noticed Joseph
 14885 | D:10     | Killed Joseph
 15101 | D:10     | Got a warped scale mail
 15112 | D:10     | Identified the +1 scale mail "Xuheck" {+Blink} (You found it on level 10 of the Dungeon)
 15747 | D:10     | Found a basalt altar of Yredelemnul.
 16382 | D:11     | Noticed a hill giant
 16464 | D:11     | Killed a hill giant
 17468 | D:11     | Acquired Okawaru's second power
 17870 | D:12     | Found a staircase to the Orcish Mines.
 18286 | D:12     | Reached XP level 12. HP: 113/115 MP: 13/13
 18373 | Orc:1    | Entered Level 1 of the Orcish Mines
 19272 | Orc:2    | Paralysed by an orc sorcerer for 7 turns
 20312 | Orc:2    | You fall through a shaft for 2 floors!
 20312 | Orc:4    | Entered Level 4 of the Orcish Mines
 20452 | Orc:4    | Found Boppum Dacum's Food Emporium.
 20785 | Orc:3    | Found a staircase to the Elven Halls.
 22406 | Orc:3    | Reached skill level 5 in Invocations
 22867 | Orc:4    | Shot with a bolt by an orc warrior

Vault maps used:
D:1:      onia_arrival_pyramid, serial_forest, infiniplex_forest_clump_curved,
          infiniplex_forest_corner_1, infiniplex_forest_corner_1,
          infiniplex_forest_lined_room_2, infiniplex_forest_corner_1,
          due_unseen_surprise
D:3:      good_gods_mini_temple, lemuel_zombie_altar_kikubaaqudgha,
          ecumenical_altar_2
D:4:      minmay_temple_entry_mist, first_bread, minmay_misc_feat_plants,
          nrook_uturn, kennysheep_flooded_box, fedhas_altar_fruit_tree
D:5:      hangedman_decor_lopped
D:6:      nicolae_overflow_hidden_temple, grunt_temple_overflow_open,
          basic_altar, hangedman_decor_peaks_small, minmay_joined_circles
D:7:      the_bakery, uniq_prince_ribbit1, uniq_crazy_yiuf_cottage, uniq_duvessa
D:8:      erik_lair_island, guppyfry_early_elven_hall, uniq_maurice, uniq_erica
D:9:      gammafunk_temple_overflow_statue, minivault_24
D:10:     yredelemnul_altar_generic, uniq_joseph, uniq_snorg
D:11:     hangedman_abyss_or_decor_stabs
D:12:     dragon1_lemuel, hiddenorc2_lemuel
Temple:   circular_temple_6
Lair:1:   serial_bayou_lagoon_b, uniq_grum
Orc:2:    nicolae_orc_accident_1
Orc:3:    nicolae_orc_pool_cavern
Orc:4:    st_orc_rangers, serial_shops, shop, nicolae_shop_crystal, shop,
          nicolae_orc_lava_tube

Action                   |  1- 3 |  4- 6 |  7- 9 | 10-12 || total
-------------------------+-------+-------+-------+-------++-------
Melee: War axe           |    73 |   211 |   387 |   931 ||  1602
       Broad axe         |       |       |       |   190 ||   190
       Battleaxe         |       |       |       |    46 ||    46
Throw: Stone             |       |    62 |       |       ||    62
       Javelin           |       |     2 |    11 |    10 ||    23
       Tomahawk          |       |       |       |     1 ||     1
Invok: Heroism           |       |       |     2 |    13 ||    15
       Finesse           |       |       |       |     1 ||     1
Evoke: Wand              |       |       |       |    28 ||    28
  Use: Scroll            |       |     5 |     2 |    12 ||    19
       Potion            |       |       |     2 |     6 ||     8
  Eat: Chunk             |     1 |    34 |    28 |    44 ||   107
